Map: [ESL] Royal Blood

Players

PiG - Winner!

  • Race: Zerg Zerg
  • League: Master
  • Spawn Location: 1:00

Senjiu

  • Race: Terran Terran
  • League: Platinum
  • Spawn Location: 7:00

VOD

Have the link to the VOD?

Description

Time

  • Played on: April 11, 2023, 6:03 p.m.
  • Length: 13:22
Show
View Real Time Build Order
Export as new Build Order

PiG Zerg - Winner!

Build Orders: Hatch First 

Get SALT Encoding   

  12  0:00  Drone  
  13  0:12  Overlord  
  13  0:17  Drone  
  14  0:31  Drone  
  14  0:32  Drone  
  16  0:39  Drone  
  17  0:53  Hatchery  
  17  0:57  Drone  
  17  0:59  Drone  
  18  1:13  Extractor  
  18  1:18  Spawning Pool  
  16  1:24  Drone x2  
  18  1:29  Drone  
  19  1:43  Drone  
  20  1:56  Overlord  
  20  2:06  Queen x2  
  20  2:07  Zergling x4  
  26  2:13  Drone  
  27  2:17  Metabolic Boost  
  27  2:30  Overlord  
  27  2:31  Overlord  
  27  2:33  Drone x2  
  29  2:37  Drone  
  30  2:52  Hatchery  
  29  3:00  Queen  
  29  3:05  Drone x4  
  35  3:18  Drone x6  
  41  3:29  Overlord  
  41  3:31  Overlord x2  
  41  3:52  Drone x8  
  41  3:53  Overlord  
  49  4:07  Extractor  
  48  4:11  Baneling Nest  
  47  4:19  Queen x2  
  51  4:25  Zergling x2  
  51  4:26  Zergling x16  
  51  4:27  Overlord x2  
  51  4:28  Overlord  
  60  4:50  Drone x8  
  68  5:04  Zergling x20  
  68  5:06  Baneling x10  
  68  5:17  Zergling x6  
  70  5:24  Zergling x6  
  57  5:31  Zergling x22  
  58  5:43  Queen  
  58  5:44  Queen x2  
  63  6:00  Drone x3  
  66  6:24  Drone x8  
  72  6:42  Zergling x8  
  67  6:57  Evolution Chamber  
  67  6:59  Hatchery  
  67  7:00  Hatchery, Zergling x24  
  74  7:15  Zergling x8  
  78  7:17  Baneling x8  
  77  7:29  Zergling x10  
  62  7:57  Overlord  
  62  8:11  Zergling x18  
  62  8:12  Zergling x6  
  74  8:13  Baneling x3  
  74  8:14  Baneling x2  
  74  8:17  Spore Crawler  
  74  8:18  Spore Crawler  
  74  8:19  Spore Crawler  
  71  8:26  Lair  
  71  8:27  Evolution Chamber  
  71  8:30  Zerg Ground Armor Level 1  
  70  8:35  Drone x6  
  70  8:36  Drone x3  
  70  8:39  Drone x3  
  82  8:45  Drone x3  
  82  8:46  Drone  
  86  8:55  Zerg Melee Weapons Level 1  
  86  9:24  Drone x3  
  88  9:25  Zergling x30  
  88  9:26  Zergling x10  
  88  9:27  Hatchery  
  88  9:29  Hatchery  
  107  9:37  Baneling x8  
  106  9:38  Centrifugal Hooks  
  106  9:40  Zergling x8  
  106  9:43  Overlord  
  110  10:01  Queen  
  112  10:24  Overlord x3  
  112  10:25  Overlord x3  
  112  10:26  Zerg Ground Armor Level 2  
  111  10:38  Zergling x8  
  111  10:39  Zergling x16  
  123  10:57  Zerg Melee Weapons Level 2  
  123  11:02  Zergling x40  
  143  11:16  Baneling x17  
  143  11:18  Zergling x20  
Show
View Real Time Build Order
Export as new Build Order

Senjiu Terran 

Build Orders: 2 Factory 

Get SALT Encoding   

  12  0:00  SCV  
  13  0:12  SCV  
  14  0:17  Supply Depot  
  14  0:24  SCV  
  15  0:38  SCV  
  15  0:40  Barracks  
  16  0:45  Refinery  
  16  0:50  SCV  
  16  0:54  Refinery  
  17  1:03  SCV  
  18  1:15  SCV  
  19  1:27  Orbital Command  
  19  1:29  Barracks Reactor, Supply Depot  
  19  1:49  Factory  
  19  1:56  SCV  
  20  2:05  Marine x2  
  22  2:12  Factory  
  22  2:14  SCV  
  23  2:23  Marine x2  
  23  2:26  SCV  
  26  2:34  Factory Tech Lab  
  26  2:38  SCV  
  27  2:44  Supply Depot  
  27  2:45  Marine x2  
  29  3:01  Factory Reactor  
  29  3:06  Siege Tank, Supply Depot  
  29  3:09  Marine x2  
  34  3:27  Marine x2, Infernal Pre-Igniter  
  34  3:29  Supply Depot  
  36  3:38  Hellion x2, Siege Tank  
  43  3:45  Marine x2  
  45  3:55  Supply Depot  
  45  4:00  Hellion x2  
  49  4:03  Marine x2  
  51  4:10  Siege Tank  
  54  4:22  Hellion  
  54  4:24  Marine x2  
  56  4:26  Hellion  
  60  4:42  Siege Tank  
  63  5:00  Supply Depot  
  63  5:21  Marine x2  
  63  5:22  Hellion, Siege Tank  
  63  5:25  Hellion  
  45  5:39  Marine x2  
  37  5:50  Command Center  
  37  5:55  Siege Tank  
  40  5:57  Marine x2  
  40  5:58  Hellion x2  
  46  6:15  Marine  
  46  6:17  Barracks  
  34  6:53  Marine  
  34  6:54  Marine  
  36  6:55  Siege Tank  
  36  6:56  Hellion  
  36  6:57  Hellion  
  43  7:11  Marine x2  
  45  7:27  Siege Tank  
  48  7:33  Marine x2  
  42  7:51  Marine x2  
  41  7:59  Siege Tank  
  44  8:05  Supply Depot  
  44  8:08  Marine  
  44  8:09  Marine  
  44  8:11  Supply Depot  
  46  8:16  Supply Depot  
  46  8:26  Marine  
  46  8:27  Marine  
  47  8:28  Barracks Tech Lab  
  47  8:29  Barracks  
  47  8:32  Siege Tank  
  51  8:40  Supply Depot  
  51  8:42  Orbital Command  
  51  8:44  Marine x2  
  51  8:45  SCV  
  54  8:57  SCV  
  55  9:09  Widow Mine, SCV, Supply Depot  
  58  9:11  Widow Mine  
  62  9:17  Siege Tank  
  62  9:21  SCV  
  62  9:22  Starport  
  62  9:23  Barracks Reactor  
  66  9:24  Marauder  
  66  9:25  Stimpack  
  66  9:33  SCV  
  67  9:46  SCV  
  67  9:48  Engineering Bay  
  67  9:51  Siege Tank  
  71  9:56  Marauder, Marine  
  71  9:57  Marine  
  77  10:00  Widow Mine  
  77  10:17  Marauder  
  79  10:24  Marine x2  
  81  10:31  Widow Mine x2  
  81  10:32  Siege Tank  
  88  10:39  Marauder  
  90  11:00  Marauder  
  88  11:37  Liberator  
Tags
 
Add a new tag
Caveats
  • Supply blocks, unpowered buildings, or Contaminate may cause inaccurate times.
  • Supply counts are checked every 10 seconds.